 Dungeon Crawl Stone Soup version 0.28-a0-309-gf6d37e6e1d (webtiles) character file.

Game seed: 2973327743930834179

101 McIrco the Skirmisher (level 5, -6/42 HPs)
             Began as a Human Fighter on Aug 30, 2021.
             Killed by nerve-wracking pain
             ... invoked by Grinder
              (14 damage)
             ... on level 3 of the Dungeon.
             The game lasted 00:01:47 (2150 turns).

McIrco the Skirmisher (Human Fighter)               Turns: 2150, Time: 00:01:47

Health: -6/42      AC: 11    Str: 17    XL:     5   Next: 4%
Magic:  5/5        EV:  7    Int:  9    God:
Gold:   99         SH:  8    Dex: 12    Spells: 4/4 levels left

rFire   . . .      SeeInvis .   a - +0 war axe
rCold   . . .      Faith    .   c - +0 kite shield
rNeg    . . .      Spirit   .   b - +0 scale mail
rPois   .          Reflect  .   (no helmet)
rElec   .          Harm     .   (no cloak)
rCorr   .          Rampage  .   (no gloves)
Will    .....                   (no boots)
Stlth   ..........              (no amulet)
HPRegen 0.14/turn               h - +4 ring of protection
MPRegen 0.09/turn               (no ring)

@: about to teleport
A: no striking features
a: no special abilities


You were on level 3 of the Dungeon.
You visited 1 branch of the dungeon, and saw 3 of its levels.

You collected 99 gold pieces.

Inventory:

Hand Weapons
 a - a +0 war axe (weapon)
Armour
 b - a +0 scale mail (worn)
 c - a +0 kite shield (worn)
Jewellery
 h - a +4 ring of protection (left hand)
Scrolls
 e - a scroll of identify
 f - 4 scrolls of teleportation
 g - a scroll of enchant armour {unknown}
 l - a scroll of silence {unknown}
Potions
 d - 2 potions of might
 i - a potion of flight
 j - a potion of degeneration {unknown}
 k - a potion of lignification {unknown}


   Skills:
 + Level 3.9 Fighting
 - Level 2.0 Axes
 + Level 3.9 Armour
 + Level 3.8 Shields


You had 4 spell levels left.
You didn't know any spells.
Your spell library contained the following spells:

 Spells                   Type           Power      Damage    Failure   Level
 Gell's Gravitas          Tloc           0%         N/A       100%        3
 Teleport Other           Tloc           0%         N/A       100%        3
 Dispersal                Tloc           0%         N/A       100%        6


Dungeon Overview and Level Annotations

Branches:
Dungeon (3/15)

Altars:

Annotations:
D:3 Grinder


Message History

Pain shoots through your body!
Unknown command.
Unknown command.
You aren't carrying any items that you can evoke.
Grinder says, "What is the universe for?"
Grinder says, "Don't move a muscle."
Grinder gestures at you. You resist with significant effort.
You hit Grinder.
Grinder is lightly wounded.
Grinder gestures at you. Pain shoots through your body!
Grinder hits you but does no damage.
You hit Grinder.
Grinder is lightly wounded.
Grinder hits you.
You writhe in agony.
You block Grinder's attack.
Your shield and scale mail prevent you from hitting Grinder.
Grinder is lightly wounded.
Grinder barely misses you.
You barely miss Grinder.
Grinder is lightly wounded.
Grinder barely misses you. Grinder hits you.
You writhe in agony.
You closely miss Grinder.
Grinder is lightly wounded.
A kobold comes into view. It is wielding a +0 whip.
Grinder gestures at you. Pain shoots through your body!
* * * LOW HITPOINT WARNING * * *
Grinder barely misses you.
As you read the scroll labelled ITSAMP IDAISOF, it crumbles to dust.
It is a scroll of identify.
i - a potion of flight You block Grinder's attack.
As you read the scroll labelled GYLESA URIOBY, it crumbles to dust.
You feel strangely unstable.
It was a scroll of teleportation.
Grinder gestures at you.
You barely resist.
Unknown command.
Grinder gestures at you. Pain shoots through your body!
You die...

#....#.#
#....#†#
#..#.#.#
#.#..#.#
##.#..#.#
#...##..#
#.....).#
#.####### #@#
..#########.#
?......KS.5.#
....#########
.


You could see Grinder.

Vanquished Creatures
  Natasha (D:2)
  Terence (D:2)
  2 adders
  3 bats
  An endoplasm (D:1)
  4 giant cockroaches (D:1)
  3 hobgoblins (D:2)
  4 jackals (D:2)
  4 ball pythons
  2 frilled lizards (D:2)
  2 goblins
  2 kobolds
  6 rats
35 creatures vanquished.

Notes
Turn   | Place    | Note
-------+----------+-------------------------------------------
     0 | D:1      | McIrco the Human Fighter began the quest for the Orb.
     0 | D:1      | Reached XP level 1. HP: 18/18 MP: 1/1
   119 | D:1      | Reached XP level 2. HP: 24/24 MP: 2/2
   311 | D:1      | Noticed a floating eye
   314 | D:1      | Found a faded altar of an unknown god.
   316 | D:1      | Noticed a floating eye
   316 | D:1      | Noticed a great orb of eyes
   316 | D:1      | Noticed a shining eye
   907 | D:2      | Reached XP level 3. HP: 11/29 MP: 3/3
  1548 | D:2      | Noticed Natasha
  1555 | D:2      | Killed Natasha
  1556 | D:2      | Reached XP level 4. HP: 12/37 MP: 4/4
  1769 | D:2      | Noticed Terence
  1774 | D:2      | Killed Terence
  2069 | D:3      | Reached XP level 5. HP: 40/42 MP: 5/5
  2132 | D:3      | Noticed Grinder
  2150 | D:3      | Killed from afar by Grinder

Illustrated notes

Levels and vault maps discovered:
D:1:      erik_arrival_orb_chamber, layout_basic,
          hellmonk_ecumenical_altar_watching_god
D:2:      layout_basic, uniq_terence, uniq_natasha
D:3:      layout_basic, serial_park_tiny_1, serial_bayou_pond_a,
          minmay_curled_crystal, uniq_sigmund, uniq_grinder,
          uniq_crazy_yiuf_cottage

Action                   |  1- 3 |  4- 6 || total
-------------------------+-------+-------++-------
Melee: War axe           |    85 |    18 ||   103
  Use: Scroll            |       |     2 ||     2
Armor: Scale mail        |    46 |     3 ||    49
Dodge: Dodged            |    29 |     8 ||    37
Block: Kite shield       |    46 |     9 ||    55

Table legend: (Time is in decaauts)
 A = Elapsed time spent in this place.
 B = Non-inter-level travel time spent in this place.
 C = Inter-level travel time spent in this place.
 D = Time resting spent in this place.
 E = Time spent auto-exploring this place.
 F = Levels seen in this place.
 G = Mean time per level.
                   A        B        C        D        E       F      G
               +--------+--------+--------+--------+--------+-----+--------+
         Total |   2213 |   2130 |     83 |    201 |   1645 |   3 |  737.7 |
       Dungeon |   2213 |   2130 |     83 |    201 |   1645 |   3 |  737.7 |
               +--------+--------+--------+--------+--------+-----+--------+

Top non-repeatable levels by time:
     D:2: 1468 daAuts
     D:1: 649 daAuts
     D:3: 95 daAuts
